 Dungeon Crawl Stone Soup version 0.31-a0-1338-gb567cfdca4 (webtiles) character file.

Game seed: 2887108641309622899

704 IdlyInterested the Changeling (level 7, -6/52 HPs)
             Began as a Demonspawn Shapeshifter on Dec 21, 2023.
             Mangled by an ogre
             ... wielding a +0 giant spiked club
              (22 damage)
             ... on level 5 of the Dungeon.
             The game lasted 00:12:11 (3320 turns).

IdlyInterested the Changeling (DsSh)                Turns: 3320, Time: 00:12:12

Health: -6/52      AC: 10    Str: 16    XL:     7   Next: 39%
Magic:  2/2        EV:  8    Int: 11    God:
Gold:   267        SH:  9    Dex: 17    Spells: 6/6 levels left

rFire   . . .        t - +6 spear "Xihisku" {antimagic, *Slow rPois Dex+5}
rCold   + . .        (no shield)
rNeg    . . .        i - +0 chain mail
rPois   +            (helmet currently unavailable)
rElec   .            m - melded +0 cloak
rCorr   .            k - melded +0 pair of gloves
SInv    .            (boots currently unavailable)
Will    .....        B - amulet of reflection Stlth
                     o - ring of protection from cold
HPRegen 0.28/turn    (no ring)
MPRegen 0.08/turn

%: slow self (1%), reflection
@: beast-form
A: beast (slay +3), thin metallic scales 1, powered by death 1, condensation
shield, demonic touch 1
a: Begin Untransformation


You were on level 5 of the Dungeon.
You were a hulking beast.
You visited 1 branch of the dungeon, and saw 5 of its levels.

You collected 267 gold pieces.

Inventory:

Hand Weapons
 a - a +0 mace
 f - a +0 dagger
 t - the +6 spear "Xihisku" (weapon) {antimagic, *Slow rPois Dex+5}
   (You found it on level 2 of the Dungeon)

   Dex+5:     It affects your dexterity (+5).
   rPois:     It protects you from poison *Slow: It may slow you when you take
   damage.
 u - a +0 hand axe
 C - a +1 vampiric hand axe
 E - a +0 falchion
Missiles
 h - 33 stones (quivered)
 j - 5 poisoned darts
 v - 3 atropa-tipped darts
Armour
 i - a +0 chain mail (worn)
 k - a +0 pair of gloves (melded)
 m - a +0 cloak (melded)
 p - a +0 ring mail
 z - a +0 leather armour
Jewellery
 g - an amulet of magic regeneration
 o - a ring of protection from cold (left hand)
 y - a ring of wizardry
 B - an amulet of reflection (around neck)
Talismans
 c - a beast talisman (active)
 d - a flux talisman
Wands
 s - a wand of polymorph (7)
 F - a wand of paralysis (9)
Scrolls
 e - a scroll of teleportation
 l - 2 scrolls of enchant armour
 q - a scroll of amnesia {unknown}
 r - 2 scrolls of immolation
 w - 2 scrolls of revelation
 A - a scroll of blinking {unknown}
 H - a scroll of fear {unknown}
Potions
 b - 5 potions of lignification
 n - a potion of haste
 x - 2 potions of attraction
 D - a potion of enlightenment
 G - a potion of cancellation {unknown}


   Skills:
 - Level 3.0 Fighting
 - Level 1.0 Throwing
 - Level 1.0 Armour
 - Level 2.0 Dodging
 - Level 1.0 Stealth
 - Level 3.0 Unarmed Combat
 - Level 1.0 Evocations
 + Level 6.3 Shapeshifting


You had 6 spell levels left.
You didn't know any spells.
Your spell library contained the following spells:

 Spells                   Type           Power      Damage    Failure   Level
 Magic Dart               Conj           0%         1d3       99%         1
 Searing Ray              Conj           0%         2d4       100%        2
 Fulminant Prism          Conj/Alch      0%         3d5       100%        4


Dungeon Overview and Level Annotations

Branches:
Dungeon (5/15)
 Temple: D:4-7

Altars:
Xom


Innate Abilities, Weirdness & Mutations

You are a hulking beast.
Your limbs bulge with bestial killing power. (Slay +3)
You are partially covered in thin metallic scales. (AC +2)
You regenerate a little health from kills.
A meltable shield of frost defends you. (SH +4)
Your touch may inflict minor irresistible damage on your foes.


Message History

Found 21 gold pieces.
I - a scroll of identify
As you read the scroll of identify, it crumbles to dust.
l - 2 scrolls of enchant armour You now have 267 gold pieces (gained 21).
An orc wizard comes into view. It is wielding a +0 dagger.
The orc wizard shouts!
An ogre comes into view. It is wielding a +0 giant spiked club.
An orc comes into view. It is wielding a +0 club.
Found a falchion.
The orc shouts!
The ogre shouts!
An orc priest comes into view. It is wielding a +0 falchion.
The orc priest shouts!
Reach: t) +6 spear "Xihisku" {antimagic, *Slow rPois Dex+5}
Press: ? - help, Dir - move target, f - orc wizard
Aim: an orc wizard, wielding a +0 dagger and wearing a +0 robe (about 34% to evade the +6 spear "Xihisku")
You reach to attack!
You puncture the orc wizard!
The orc wizard's magic leaks into the air.
The orc wizard is heavily wounded.
You barely miss the orc wizard.
You touch the orc wizard!
The orc wizard is almost dead.
The orc priest looks braver for a moment.
The orc wizard hits you but does no damage.
You barely miss the orc wizard.
You touch the orc wizard.
You kill the orc wizard!
The ogre hits you with a +0 giant spiked club!!
The orc attacks as it pursues you! The orc hits you but does no damage.
The orc priest casts a cantrip, but nothing happens.
You hit the orc.
The orc is severely wounded.
The orc closely misses you. The orc barely misses you.
The orc priest calls down the wrath of Beogh upon you.
Beogh smites you!
* * * LOW HITPOINT WARNING * * *
You puncture the orc!
You kill the orc!
You puncture the ogre!
You touch the ogre!
The ogre is severely wounded.
The ogre hits you with a +0 giant spiked club!!
You die...

....... # #..
....... #..
....... #..
...)... #..
....... #..
##.........##.....
#o.........##...#.
#O# #...##...##
#h# #...##...
#.######...##..
#...........#
#####.......#
#.......#
#.......#
#.......#
##.......###
#............#


You could see an ogre and an orc priest.

Vanquished Creatures
  2 ogres
  3 scorpions
  A howler monkey (D:5)
  3 hounds (D:5)
  A jelly (D:5)
  2 orc priests (D:2)
  An iguana (D:5)
  An orc wizard (D:5)
  4 adders
  3 dart slugs
  4 orcs
  8 ball pythons
  3 bats
  5 endoplasms
  2 giant cockroaches (D:2)
  7 goblins
  2 hobgoblins (D:1)
  A jackal (D:1)
  4 kobolds
  4 quokkas
  2 frilled lizards (D:2)
  3 rats
66 creatures vanquished.

Notes
Turn   | Place    | Note
-------+----------+-------------------------------------------
     0 | D:1      | IdlyInterested the Demonspawn Shapeshifter began the quest
                  | for the Orb.
     0 | D:1      | Reached XP level 1. HP: 15/15 MP: 1/1
   311 | D:1      | Gained mutation: Your touch may inflict minor irresistible
                  | damage on your foes. [demonic ancestry]
   311 | D:1      | Reached XP level 2. HP: 18/22 MP: 2/2
   628 | D:1      | Found a faded altar of an unknown god.
  1022 | D:2      | Gained mutation: A meltable shield of frost defends you.
                  | (SH +4) [demonic ancestry]
  1022 | D:2      | Reached XP level 3. HP: 25/29 MP: 3/3
  1164 | D:2      | Identified the +6 spear "Xihisku" {antimagic, *Slow rPois
                  | Dex+5}
  1394 | D:2      | Reached skill level 1 in Throwing
  1408 | D:2      | Reached XP level 4. HP: 35/35 MP: 1/4
  1413 | D:2      | Reached skill level 1 in Armour
  1413 | D:2      | Reached skill level 1 in Stealth
  1415 | D:2      | Reached skill level 1 in Evocations
  1415 | D:2      | Reached skill level 3 in Shapeshifting
  1443 | D:2      | Noticed a scorpion
  1449 | D:2      | Killed a scorpion
  1450 | D:2      | Gained mutation: You are partially covered in thin metallic
                  | scales. (AC +2) [demonic ancestry]
  1450 | D:2      | Reached XP level 5. HP: 41/41 MP: 1/5
  2028 | D:3      | Found a shimmering altar of Xom.
  2449 | D:4      | Noticed an ogre
  2453 | D:4      | Killed an ogre
  2454 | D:4      | Reached skill level 4 in Shapeshifting
  2454 | D:4      | Reached XP level 6. HP: 47/47 MP: 2/6
  2733 | D:4      | Reached skill level 5 in Shapeshifting
  2984 | D:5      | Entered Level 5 of the Dungeon
  3149 | D:5      | Gained mutation: You regenerate a little health from kills.
                  | [demonic ancestry]
  3149 | D:5      | Reached XP level 7. HP: 52/52 MP: 2/7
  3226 | D:5      | Reached skill level 6 in Shapeshifting
  3320 | D:5      | Mangled by an ogre

Illustrated notes

Levels and vault maps discovered:
D:1:      eino_arrival_tree_alley, layout_loops_ring,
          shapermc_ecumenical_altar_totnotflames, minmay_pentomino_o2
D:2:      layout_basic, minivault_5, nicolae_half_adder
D:3:      layout_loops_cross, mainiacjoe_overflow_24_doors
D:4:      layout_rooms, serial_library_hellmonk_secret_room
D:5:      layout_basic

Skill      XL: |  1  2  3  4  5  6  7 |
---------------+----------------------+-----
Fighting       | 2 3 |  3.0
Unarmed Combat | 3 |  3.0
Dodging        | 2 |  2.0
Throwing       | 1 |  1.0
Armour         | 1 |  1.0
Stealth        | 1 |  1.0
Evocations     | 1 |  1.0
Shapeshifting  | 3 4 5 6 |  6.3

Action                     |  1- 3 |  4- 6 |  7- 9 || total
---------------------------+-------+-------+-------++-------
  Melee: Unarmed           |    51 |       |       ||    51
         Touch             |     6 |    12 |     4 ||    22
         Spear             |    22 |    66 |    15 ||   103
         Punch             |       |     2 |       ||     2
  Throw: Dart              |       |     3 |       ||     3
         Stone             |       |       |     5 ||     5
    Use: Scroll            |       |     3 |     1 ||     4
         Potion            |       |     3 |       ||     3
 Armour: Animal skin       |    17 |       |       ||    17
         Chain mail        |    41 |    28 |     7 ||    76
  Dodge: Dodged            |    31 |    14 |     6 ||    51
  Block: Buckler           |     1 |       |       ||     1
         Other             |     5 |    19 |     3 ||    27
   Form: Beast             |     2 |       |       ||     2
                           |     1 |       |       ||     1
         Flux              |     1 |       |       ||     1

Table legend: (Time is in decaauts)
 A = Elapsed time spent in this place.
 B = Non-inter-level travel time spent in this place.
 C = Inter-level travel time spent in this place.
 D = Time resting spent in this place.
 E = Time spent auto-exploring this place.
 F = Levels seen in this place.
 G = Mean time per level.
                   A        B        C        D        E       F      G
               +--------+--------+--------+--------+--------+-----+--------+
         Total |   3309 |   2998 |    311 |    160 |   2110 |   5 |  661.8 |
       Dungeon |   3309 |   2998 |    311 |    160 |   2110 |   5 |  661.8 |
               +--------+--------+--------+--------+--------+-----+--------+

Top non-repeatable levels by time:
     D:1: 953 daAuts
     D:2: 796 daAuts
     D:3: 686 daAuts
     D:4: 561 daAuts
     D:5: 311 daAuts
